 Dungeon Crawl Stone Soup version 0.23.1 (webtiles) character file.

Game seed: 0

2205 Luthien the Thaumaturge (level 9, -1/48 HPs)
             Began as a Deep Elf Wizard on Mar 16, 2019.
             Slain by a killer bee (2 damage)
             ... while petrified by a basilisk
             ... on level 7 of the Dungeon.
             The game lasted 00:51:41 (11643 turns).

Luthien the Thaumaturge (Deep Elf Wizard)          Turns: 11643, Time: 00:51:42

Health: -1/48      AC:  4    Str:  4    XL:     9   Next: 12%
Magic:  0/27       EV:  2    Int: 24    God:
Gold:   363        SH:  0    Dex: 16    Spells: 27/32 levels left

rFire    . . .     SeeInvis .   T - +2 dagger (venom)
rCold    . . .     Gourm    .   U - +2 buckler
rNeg     + + +     Faith    .   a - +1 robe
rPois    ∞         Spirit   +   y - +0 hat
rElec    .         Reflect  .   x - +0 cloak (curse)
rCorr    .         Harm     .   (no gloves)
MR       .....                  (no boots)
Stlth    +++.......             O - amulet of guardian spirit
HPRegen  0.16/turn              t - ring of wizardry
MPRegen  0.20/turn              (no ring)

@: petrified
A: no striking features
a: no special abilities


You were on level 7 of the Dungeon.
You were near starving.

You visited 2 branches of the dungeon, and saw 9 of its levels.

You collected 363 gold pieces.

Inventory:

Hand Weapons
 q - a +0 club
 s - a +0 short sword
 K - a +0 shortbow
 M - a +0 hunting sling
 N - a +0 shortbow of flaming
 P - a +0 dagger
 T - a +2 dagger of venom (weapon)
Missiles
 k - 232 stones (quivered)
 J - 86 arrows
 R - 18 sling bullets
Armour
 a - a +1 robe (worn)
 b - a +0 hat
 e - a +0 robe
 o - a +0 robe
 u - a -1 robe
 x - a cursed +0 cloak (worn)
 y - a +0 hat (worn)
 z - a +0 robe
 C - a +0 cloak
 Q - a +0 animal skin
 U - a +2 buckler (worn)
Jewellery
 t - a ring of wizardry (left hand)
 O - an amulet of guardian spirit (around neck)
Wands
 m - a wand of iceblast (10)
 B - a wand of polymorph (15)
 G - a wand of flame (29)
 L - a wand of enslavement (7)
Scrolls
 c - 6 scrolls of identify
 h - 8 scrolls of teleportation
 i - 3 scrolls of enchant armour
 j - 6 scrolls of remove curse
 n - 2 scrolls of enchant weapon {unknown}
 p - a scroll of noise {unknown}
 v - 4 scrolls of magic mapping
 w - a scroll of amnesia {unknown}
 F - 3 scrolls of blinking {unknown}
Potions
 f - 3 potions of curing
 g - 4 potions of degeneration
 l - a potion of heal wounds
 r - a potion of flight
 A - 2 potions of resistance {unknown}
 D - a potion of might {unknown}
 E - 2 potions of mutation {unknown}
 H - a potion of ambrosia {unknown}
 I - a potion of lignification {unknown}
 S - a potion of berserk rage {unknown}
Comestibles
 d - 19 rations


   Skills:
 + Level 1.8 Fighting
 + Level 4.6 Dodging
 + Level 5.6 Stealth
 - Level 12.1 Spellcasting
 + Level 6.3 Conjurations
 - Level 1.1 Summonings
 - Level 1.1 Translocations


You had 27 spell levels left.
You knew the following spells:

 Your Spells              Type           Power        Failure   Level  Hunger
a - Magic Dart            Conj           ####         1%          1    None
b - Blink                 Tloc           N/A          2%          2    None
c - Call Imp              Summ           ###.....     2%          2    None

Your spell library contained the following spells:

 Spells                   Type           Power        Failure   Level  Hunger
 Animate Skeleton         Necr           N/A          2%          1    None
 Confusing Touch          Hex            ##....       2%          1    None
 Corona                   Hex            ##.....      2%          1    None
 Pain                     Necr           ##..         2%          1    None
 Conjure Flame            Conj/Fire      ####....     2%          3    None
 Mephitic Cloud           Conj/Pois/Air  ###.....     3%          3    None
 Slow                     Hex            ##......     4%          2    None
 Gell's Gravitas          Tloc           ###.......   6%          3    None
 Portal Projectile        Hex/Tloc       ###...       7%          3    None
 Confuse                  Hex            ##......     9%          3    None
 Inner Flame              Hex/Fire       ##......     9%          3    None
 Regeneration             Chrm/Necr      ##........   9%          3    None
 Vampiric Draining        Necr           ##........   9%          3    None
 Animate Dead             Necr           N/A          26%         4    None
 Cause Fear               Hex            ##........   26%         4    None
 Leda's Liquefaction      Hex/Erth       ##........   26%         4    None
 Petrify                  Tmut/Erth      ##......     26%         4    None
 Metabolic Englaciation   Hex/Ice        ##........   58%         5    ###....
 Yara's Violent Unravell  Hex/Tmut       ##........   58%         5    ###....


Dungeon Overview and Level Annotations

Branches:
Dungeon (8/15)             Temple (1/1) D:5
   Lair: D:8-11

Altars:
Ashenzari
Cheibriados
Dithmenos
Elyvilon
Fedhas
Gozag
Hepliaklqana
Kikubaaqudgha
Makhleb
Nemelex Xobeh
Okawaru
Qazlal
Ru
Sif Muna
Trog
Wu Jian
Xom
Yredelemnul
Zin
The Shining One

Shops:
D:7 *


Message History

The killer bee stings you.
* * * LOW HITPOINT WARNING * * *
The killer bee stings you.
* * * LOW HITPOINT WARNING * * *
The killer bee stings you. x2
* * * LOW HITPOINT WARNING * * *
The killer bee stings you.
* * * LOW HITPOINT WARNING * * *
The killer bee stings you!
* * * LOW HITPOINT WARNING * * *
The killer bee stings you. x2
* * * LOW HITPOINT WARNING * * *
The killer bee stings you!
* * * LOW HITPOINT WARNING * * *
The killer bee stings you.
* * * LOW HITPOINT WARNING * * *
The killer bee stings you.
* * * LOW HITPOINT WARNING * * *
The killer bee stings you.
You die...

#............#######.## ##......
#####................# #......
###....[..)).....## ##......
##...######.....####...##.. #
####..## ###...##.....###.
#####.....# ###....)....##.
..........## #####..#######.##
#####...#..######y.#####.PPPP#...
##..###.....y@yy#####....^##..
##..## ##...####....#.PP_P.##..
###..## ##.### ####..#P..^P###.
#.#.## ###..# ######P^^PP# ##
...## ##....## #....####### ##
...####...#..# #...###...####.
...##...####.## #...# ##.......
.......#####..## #...# #...##..
...............####..## ##..####.


You could see 4 killer bees.

Vanquished Creatures
  A hippogriff (D:7)
  A human (D:7)
  Menkaure (D:7)
  A sky beast (D:7)
  A necrophage (D:7)
  2 ogres (D:6)
  A scorpion (D:7)
  2 killer bees
  An orc priest (D:7)
  3 bullfrog skeletons
  2 hounds
  3 jellies
  Jessica (D:3)
  An iguana (D:7)
  2 orc wizards
  4 worker ants
  2 worker ant zombies (D:7)
  12 gnolls
  9 adders
  4 worms
  A dart slug (D:1)
  4 leopard geckos
  15 orcs
  A ball python (D:3)
  2 giant cockroaches
  5 goblins
  9 hobgoblins
  7 quokkas
  8 bats
  5 frilled lizards
  8 kobolds
  A leopard gecko skeleton (D:4)
  2 quokka skeletons
  6 rats
128 creatures vanquished.

Vanquished Creatures (collateral kills)
  A human (D:7)
  A water moccasin (D:6)
  An orc warrior (D:6)
  A necrophage (D:5)
  3 centaurs
  A bullfrog (D:6)
  A gnoll sergeant (D:7)
  2 scorpions
  3 killer bees (D:6)
  A centaur zombie (D:5)
  A jelly (D:7)
  A bullfrog skeleton (D:5)
  Ijyb (D:4)
  An iguana (D:6)
  A worker ant (D:4)
  A worker ant zombie (D:7)
  An adder (D:5)
  An orc (D:6)
  A quokka (D:5)
24 creatures vanquished.

Grand Total: 152 creatures vanquished

Notes
Turn   | Place    | Note
-------+----------+-------------------------------------------
     0 | D:1      | Luthien the Deep Elf Wizard began the quest for the Orb.
     0 | D:1      | Reached XP level 1. HP: 10/10 MP: 7/7
    69 | D:1      | Reached XP level 2. HP: 6/15 MP: 0/9
   772 | D:1      | Found a snail-covered altar of Cheibriados.
   938 | D:1      | Reached XP level 3. HP: 19/19 MP: 7/10
  1704 | D:2      | Found a stormy altar of Qazlal.
  1734 | D:2      | Reached XP level 4. HP: 24/24 MP: 6/12
  2018 | D:2      | Found a burning altar of Makhleb.
  2554 | D:3      | Reached skill level 5 in Conjurations
  2952 | D:3      | Reached XP level 5. HP: 28/28 MP: 10/13
  3084 | D:3      | Noticed Jessica
  3089 | D:3      | Killed Jessica
  3383 | D:3      | Learned a level 2 spell: Blink
  3386 | D:3      | Learned a level 2 spell: Call Imp
  4191 | D:4      | Found a glowing silver altar of Zin.
  4328 | D:4      | Reached XP level 6. HP: 19/33 MP: 5/15
  4483 | D:4      | Found a glowing golden altar of the Shining One.
  4488 | D:4      | Found a shadowy altar of Dithmenos.
  4492 | D:4      | Found a blossoming altar of Fedhas.
  4629 | D:4      | Noticed Ijyb
  4646 | D:4      | Killed Ijyb
  4712 | D:4      | Reached skill level 1 in Fighting
  4712 | D:4      | Reached skill level 5 in Spellcasting
  5153 | D:5      | Entered Level 5 of the Dungeon
  5470 | D:5      | Reached XP level 7. HP: 38/38 MP: 10/17
  5477 | D:5      | Found a staircase to the Ecumenical Temple.
  5491 | Temple   | Entered the Ecumenical Temple
  5705 | D:5      | Reached skill level 6 in Spellcasting
  6112 | D:5      | Reached skill level 5 in Stealth
  6493 | D:6      | Reached skill level 7 in Spellcasting
  7068 | D:6      | Reached skill level 8 in Spellcasting
  7691 | D:6      | Reached XP level 8. HP: 42/43 MP: 13/22
  7746 | D:6      | Found a basalt altar of Yredelemnul.
  7775 | D:6      | Reached skill level 9 in Spellcasting
  8034 | D:6      | Found a bloodstained altar of Trog.
  8114 | D:7      | Found Vuimmysar's Assorted Antiques.
  8282 | D:7      | Reached skill level 10 in Spellcasting
  8378 | D:7      | Noticed a hippogriff
  8391 | D:7      | Killed a hippogriff
  9341 | D:6      | Reached skill level 11 in Spellcasting
 10194 | D:7      | Noticed Menkaure
 10206 | D:7      | Killed Menkaure
 10206 | D:7      | Reached skill level 12 in Spellcasting
 10711 | D:7      | Reached XP level 9. HP: 39/47 MP: 16/27
 10943 | D:7      | Found an iron altar of Okawaru.
 11232 | D:7      | Found a sacrificial altar of Ru.
 11643 | D:7      | HP: 1/48 [killer bee (2)]
 11643 | D:7      | Slain by a killer bee

Skill      XL: |  1  2  3  4  5  6  7  8 |
---------------+-------------------------+-----
Conjurations   | 2 3 4 5 6 |  6.3
Stealth        | 3 4 5 |  5.6
Dodging        | 4 |  4.6
Fighting       | 1 |  1.8
Spellcasting   | 5 8 12 | 12.1
Summonings     | |  1.1
Translocations | |  1.1

Action                   |  1- 3 |  4- 6 |  7- 9 || total
-------------------------+-------+-------+-------++-------
Melee: Short sword       |       |       |     1 ||     1
 Cast: Magic Dart        |    69 |   198 |   202 ||   469
       Call Imp          |       |    14 |    95 ||   109
       Blink             |       |       |     6 ||     6
  Use: Scroll            |       |     8 |       ||     8
       Potion            |       |     1 |       ||     1
  Eat: Chunk             |     2 |    11 |    14 ||    27
       Ration            |       |       |     1 ||     1
Armor: Robe              |       |     7 |    12 ||    19
       Animal skin       |       |       |     6 ||     6
Dodge: Dodged            |     9 |    46 |    81 ||   136
Block: Buckler           |       |       |     2 ||     2
